Map: Deathaura LE

Players

Epic - Winner!

  • Race: Terran Terran
  • League: Grandmaster
  • Spawn Location: 5:00

Mackintac

  • Race: Zerg Zerg
  • League: Grandmaster
  • Spawn Location: 11:00

Event: The Miserable Cup

VOD

Have the link to the VOD?

Description

Time

  • Played on: June 18, 2020, 11:14 a.m.
  • Length: 13:09

All games in this series

Show
View Real Time Build Order
Export as new Build Order

Epic Terran - Winner!

Build Orders: Reaper Expand, Hellion Banshee 

Get SALT Encoding   

  12  0:00  SCV  
  13  0:12  SCV  
  14  0:16  Supply Depot  
  14  0:24  SCV  
  15  0:38  SCV  
  15  0:39  Barracks  
  16  0:44  Refinery  
  16  0:50  SCV  
  17  1:02  SCV  
  18  1:14  SCV  
  19  1:27  Reaper, Orbital Command  
  20  1:38  Command Center  
  20  1:46  Supply Depot  
  20  1:52  SCV  
  21  1:59  Marine  
  22  2:04  SCV  
  23  2:10  Factory  
  23  2:11  Refinery  
  23  2:16  SCV  
  24  2:23  Barracks Reactor  
  24  2:28  SCV  
  25  2:40  SCV  
  26  2:50  Orbital Command  
  26  2:52  SCV  
  26  2:55  Starport  
  27  3:04  SCV  
  30  3:05  Hellion  
  30  3:09  Barracks Tech Lab  
  30  3:10  Hellion  
  32  3:16  SCV  
  32  3:17  SCV  
  32  3:18  Supply Depot  
  36  3:27  Hellion  
  36  3:28  SCV  
  36  3:29  SCV  
  36  3:31  Hellion  
  40  3:40  Banshee, SCV  
  40  3:41  Cloaking Field, SCV, Supply Depot  
  47  3:48  Hellion  
  47  3:52  SCV  
  47  3:53  SCV, Hellion  
  51  4:06  Command Center  
  51  4:07  Barracks Tech Lab  
  51  4:09  SCV  
  52  4:13  SCV  
  53  4:23  Banshee  
  56  4:25  Stimpack  
  56  4:26  SCV x2  
  58  4:33  Factory Reactor  
  58  4:34  Barracks  
  58  4:36  Barracks  
  58  4:37  Supply Depot  
  58  4:40  SCV x2  
  60  4:46  Engineering Bay  
  60  4:47  Engineering Bay  
  60  4:52  SCV x2  
  62  4:57  Marine  
  62  4:59  Supply Depot  
  57  5:01  Refinery  
  57  5:02  Refinery  
  57  5:04  SCV  
  57  5:05  SCV  
  59  5:15  Terran Infantry Armor Level 1, Terran Infantry Weapons Level 1  
  59  5:16  SCV, Starport Reactor  
  59  5:17  SCV, Orbital Command  
  61  5:23  Marine x2  
  61  5:24  Marine  
  64  5:31  SCV x2  
  64  5:33  Marine x2, Siege Tank  
  71  5:40  Supply Depot  
  71  5:43  SCV x2  
  71  5:45  Marine x3  
  76  5:51  Marine  
  76  5:54  Medivac x2  
  81  5:58  SCV x2  
  81  6:02  Orbital Command  
  81  6:03  Barracks  
  83  6:04  Marine x3, Barracks  
  83  6:05  Marine  
  83  6:10  Siege Tank  
  90  6:12  Combat Shield  
  90  6:18  SCV x2  
  90  6:24  Marine x5  
  93  6:32  SCV  
  93  6:33  SCV x2  
  93  6:36  Medivac x2  
  99  6:43  Armory  
  99  6:47  SCV x2  
  99  6:52  Barracks Reactor x2  
  101  6:54  Supply Depot  
  101  6:55  Supply Depot  
  101  7:00  Supply Depot  
  101  7:01  Supply Depot  
  101  7:15  Medivac, Marine x4, SCV x2  
  101  7:16  Marine, SCV  
  101  7:20  Medivac  
  113  7:24  Missile Turret x2  
  113  7:27  Missile Turret  
  113  7:28  SCV  
  114  7:30  SCV x2  
  114  7:34  Factory Reactor  
  114  7:36  Terran Infantry Weapons Level 2  
  116  7:37  Marine  
  116  7:38  Marine x8  
  116  7:40  SCV  
  116  7:42  Supply Depot x2  
  116  7:43  Supply Depot  
  126  7:48  Missile Turret, Terran Infantry Armor Level 2  
  126  7:59  Command Center, Terran Vehicle And Ship Armor Level 1  
  126  8:01  Marine x4  
  126  8:05  Supply Depot  
  130  8:08  Supply Depot  
  130  8:12  Supply Depot  
  129  8:14  Widow Mine x2  
  133  8:21  Medivac  
  133  8:22  Medivac  
  137  8:31  Marine x9  
  146  8:38  Widow Mine x2  
  146  8:39  SCV x3  
  153  8:42  Refinery x2  
  153  8:44  Factory  
  153  8:48  Supply Depot  
  153  8:49  Marine x2  
  153  8:52  Marine  
  153  8:53  Marine x6  
  159  8:55  Medivac  
  159  8:57  Medivac  
  158  9:04  Widow Mine x2  
  158  9:07  Marine  
  162  9:18  SCV x2  
  162  9:23  Marine  
  162  9:24  Marine x7, Marauder  
  172  9:35  Missile Turret  
  172  9:36  Widow Mine x2  
  172  9:38  Medivac x2  
  178  9:39  Missile Turret  
  178  9:41  Marine, Missile Turret  
  178  9:42  Factory Tech Lab  
  181  9:48  Marine x6  
  181  9:49  Marauder  
  181  9:52  Planetary Fortress  
  189  10:09  Marine x8  
  189  10:10  Marauder  
  189  10:12  Drilling Claws  
  199  10:20  SCV x3  
  199  10:27  Marine x2  
  143  10:37  Marine x6, Marauder, Thor  
  143  10:38  Widow Mine x2  
  152  10:44  Barracks x2  
  152  10:45  Marine x2  
  152  10:46  Barracks  
  152  10:49  SCV x4  
  156  10:51  Missile Turret  
  149  10:59  Marine x4  
  149  11:01  SCV  
  151  11:05  Widow Mine x2  
  153  11:12  SCV x3  
  153  11:14  Medivac  
  153  11:15  Medivac  
  160  11:21  Widow Mine  
  160  11:24  Marine x8  
  160  11:25  Marauder  
  172  11:33  Barracks Reactor, Barracks Tech Lab x2  
  172  11:37  Command Center  
  172  11:42  Marine, Thor  
  172  11:43  Widow Mine x2  
  181  11:58  Marine x7, Marauder x3  
  181  11:59  Concussive Shells  
  181  12:00  Marine  
  177  12:07  Medivac x2, Widow Mine x2  
  185  12:12  Marine x2  
  187  12:16  Marine x2  
  187  12:20  Marauder x3  
  187  12:21  Marine x6  
  198  12:30  Marine x2  
  198  12:34  Marine x2  
  197  12:41  Marauder x3  
  191  12:47  Marine x6  
  191  12:48  Marine x2  
Show
View Real Time Build Order
Export as new Build Order

Mackintac Zerg 

Build Orders: Hatch First, Muta Ling Bane 

Get SALT Encoding   

  12  0:01  Drone  
  13  0:13  Overlord  
  13  0:18  Drone  
  14  0:33  Drone x2  
  16  0:51  Hatchery  
  16  0:52  Drone  
  16  0:55  Drone  
  17  1:00  Drone  
  18  1:11  Extractor  
  18  1:16  Spawning Pool  
  18  1:17  Drone  
  17  1:20  Drone  
  18  1:29  Drone  
  19  1:41  Drone  
  20  1:54  Overlord  
  20  2:03  Queen x2  
  24  2:09  Zergling x4  
  26  2:16  Metabolic Boost  
  26  2:17  Drone  
  26  2:18  Drone  
  28  2:23  Drone  
  28  2:27  Drone  
  30  2:38  Spore Crawler  
  30  2:44  Hatchery  
  28  2:48  Queen  
  28  2:49  Drone x2  
  33  2:55  Overlord  
  33  2:57  Drone x2  
  35  3:02  Drone  
  36  3:13  Queen  
  38  3:20  Drone  
  38  3:21  Drone x5  
  44  3:42  Overlord  
  44  3:43  Overlord  
  44  3:47  Extractor  
  44  3:48  Drone x2, Extractor  
  44  3:51  Extractor  
  44  3:53  Drone  
  46  3:56  Lair  
  46  3:57  Queen  
  46  4:02  Zergling x8  
  52  4:04  Queen  
  52  4:08  Drone x3  
  57  4:10  Drone  
  56  4:23  Zergling x10  
  61  4:26  Baneling Nest  
  61  4:28  Drone  
  61  4:29  Drone x3  
  61  4:30  Spore Crawler  
  63  4:31  Extractor  
  63  4:33  Queen, Extractor  
  63  4:43  Drone x3  
  61  4:56  Drone x2  
  61  4:58  Drone x3  
  61  4:59  Drone  
  66  5:04  Spire  
  66  5:05  Drone  
  66  5:12  Overlord  
  66  5:13  Overlord  
  66  5:16  Overlord  
  66  5:24  Drone, Spore Crawler  
  66  5:25  Drone, Spore Crawler  
  66  5:27  Overseer  
  66  5:37  Overseer  
  66  5:39  Zergling x10  
  71  5:49  Drone x4  
  71  5:58  Drone x5  
  71  5:59  Drone x4  
  78  6:09  Drone x2  
  78  6:10  Drone  
  78  6:11  Evolution Chamber x2  
  80  6:13  Hatchery  
  77  6:37  Mutalisk x6  
  89  6:40  Overlord x4  
  89  6:49  Zerg Melee Weapons Level 1  
  89  6:50  Centrifical Hooks, Zerg Ground Armor Level 1  
  89  6:59  Extractor  
  89  7:00  Extractor  
  87  7:02  Mutalisk  
  87  7:05  Drone x2  
  87  7:06  Drone x3  
  87  7:07  Mutalisk, Drone x3  
  99  7:10  Zergling x4  
  99  7:15  Zergling x2  
  102  7:23  Overlord  
  102  7:27  Drone  
  102  7:28  Mutalisk x2  
  102  7:29  Hatchery  
  107  7:30  Zergling x10  
  111  7:40  Overlord  
  111  7:41  Overlord x3  
  111  7:42  Mutalisk  
  111  7:43  Mutalisk  
  115  7:47  Drone x3  
  118  7:57  Pneumatized Carapace  
  118  8:02  Mutalisk x2  
  118  8:05  Zergling x20  
  125  8:39  Mutalisk  
  125  8:40  Mutalisk x5  
  133  8:42  Zergling x2, Zerg Flyer Weapons Level 1  
  133  8:43  Zergling x22  
  144  8:54  Queen  
  144  8:55  Drone x9  
  152  9:09  Overlord  
  152  9:11  Mutalisk x2  
  152  9:13  Overlord  
  156  9:17  Zergling x2  
  156  9:22  Overlord  
  157  9:29  Overlord  
  157  9:30  Drone x3  
  160  9:31  Extractor  
  160  9:32  Zergling x16, Extractor  
  160  9:33  Overseer  
  166  9:42  Zergling x6  
  169  9:45  Baneling  
  169  9:46  Baneling x27  
  169  9:48  Queen x2  
  169  9:51  Zerg Melee Weapons Level 2  
  173  9:56  Mutalisk  
  175  10:04  Mutalisk  
  175  10:06  Zergling x2  
  181  10:07  Zergling x6  
  181  10:08  Overlord x3  
  110  10:39  Zergling x36  
  122  10:50  Mutalisk x4  
  122  10:56  Zergling x2  
  122  10:57  Zergling x6  
  130  11:10  Drone x5  
  133  11:15  Drone x3  
  136  11:24  Infestation Pit  
  135  11:26  Mutalisk x4  
  135  11:30  Baneling  
  135  11:31  Baneling x5  
  141  11:42  Mutalisk x2  
  120  12:02  Zergling x28  
  120  12:07  Zergling x2  
  120  12:08  Zergling x16  
  143  12:13  Baneling x15  
  143  12:22  Drone x3  
  140  12:37  Zergling x28  
  135  12:50  Zergling x2  
  135  12:51  Zergling x18  
Tags
 
Add a new tag
Caveats
  • Supply blocks, unpowered buildings, or Contaminate may cause inaccurate times.
  • Supply counts are checked every 10 seconds.